[Event "*** Titled Tuesday Blitz"]
[Site "Chess.com"]
[Date "2021.02.09"]
[Round "4"]
[White "1977Ivan"]
[Black "The_Machine04"]
[Result "1-0"]
[WhiteElo "2678"]
[BlackElo "2483"]
[TimeControl "180+1"]
[EndTime "10:39:10 PST"]
[Termination "1977Ivan won by checkmate"]

1. e4 d6 2. d4 Nf6 3. Nc3 e5 4. Nf3 Nbd7 5. a4 c6 6. Bc4 Be7 7. O-O h6 8. Re1 Qc7 9. a5 Nf8 10. d5 Ng6 11. a6 b5 12. Bb3 b4 13. Ba4 Bd7 14. dxc6 Bxc6 15. Nd5 Nxd5 16. Qxd5 Rc8 17.
Be3 O-O 18. Bxc6 Qxc6 19. Qxc6 Rxc6 20. Rec1 Rfc8 21. g3 Bd8 22. Ra4 Bb6 23. Bxb6 Rxb6 24. Ne1 Rc4 25. f3 Nf8 26. Nd3 Ne6 27. b3 Rc3 28. Nxb4 Nd4 29. Rd1 Nxf3+ 30. Kg2 Nd4 31. Rd2 Rb5 32. Nd5 Rcc5 33. b4 Rc4 34. c3 Ne6 35. h4 Rxe4 36. Ne7+ Kf8 37. Nc6 d5 38. Nxa7 Nc7 39. Nxb5 Nxb5 40. a7 Nxa7 41. Rxa7 Re3 42. Rxd5 Rxc3 43. Rd8# 1-0

[Event "*** Titled Tuesday Blitz"]
[Site "Chess.com"]
[Date "2021.02.09"]
[Round "4"]
[White "PriSachu"]
[Black "kakorrhaphiophobie"]
[Result "0-1"]
[WhiteElo "2509"]
[BlackElo "2327"]
[TimeControl "180+1"]
[EndTime "10:39:11 PST"]
[Termination "kakorrhaphiophobie won by resignation"]

1. e4 e6 2. d4 d5 3. Nc3 Bb4 4. e5 c5 5. a3 Bxc3+ 6. bxc3 Ne7 7. Nf3 b6 8. Bb5+ Bd7 9. Be2 Ba4 10. h4 c4 11. h5 h6 12. O-O Na6 13. g3 Kd7 14. Nh4 Qg8 15. Bg4 Qh7 16. Ra2 Nc7 17. Ng2 g5 18.
Ne3 Raf8 19. Bh3 Nc6 20. Ng4 Ne8 21. Qe2 Rhg8 22. Kh2 f5 23. exf6 Nxf6 24. Nxf6+ Rxf6 25. Bg4 Re8 26. Re1 Qf7 27. Kg2 Kc7 28. Bd2 Kb7 29. Rb2 e5 30. dxe5 Nxe5 31. Qd1 Rxf2+ 32. Kh3 Nxg4 33.
Qxg4 Bd7 0-1

[Event "*** Titled Tuesday Blitz"]
[Site "Chess.com"]
[Date "2021.02.09"]
[Round "4"]
[White "louis198"]
[Black "LubovMarkelova"]
[Result "1-0"]
[WhiteElo "2565"]
[BlackElo "2255"]
[TimeControl "180+1"]
[EndTime "10:39:12 PST"]
[Termination "louis198 won by checkmate"]

1. d4 Nf6 2. c4 c5 3. e3 g6 4. Bd3 Bg7 5. Ne2 O-O 6. O-O cxd4 7. exd4 d5 8. c5 Nc6 9. Nbc3 e5 10. dxe5 Nxe5 11.
Bc2 Re8 12. h3 Qc7 13. Be3 Bxh3 14. Nb5 Qd7 15. Nd6 Nh5 16. Ba4 Qg4 17. Ng3 Nxg3 18. Qxg4 Bxg4 19. fxg3 Re7 20. Bg5 Rc7 21. Ne8 Rxe8 22.
Bxe8 Nd3 23. Bd8 Rxc5 24. Bxf7+ Kh8 25. Be7 Rc2 26. Bxd5 Be2 27. Rf7 Ne5 28. Rf4 Nd3 29. Re4 Bxb2 30. Rb1 Nc1 31. Rxb2 Rxb2 32. Bf6# 1-0

[Event "*** Titled Tuesday Blitz"]
[Site "Chess.com"]
[Date "2021.02.09"]
[Round "4"]
[White "Artyom_ChessMate"]
[Black "zmeeed67"]
[Result "1-0"]
[WhiteElo "2538"]
[BlackElo "2316"]
[TimeControl "180+1"]
[EndTime "10:39:12 PST"]
[Termination "Artyom_ChessMate won on time"]

1. e4 c5 2. Nc3 Nc6 3. Bb5 Nd4 4. Nf3 Nxb5 5. Nxb5 d6 6. d4 cxd4 7. Qxd4 Bd7 8. Nc3 Nf6 9. Bg5 e6 10. O-O-O h6 11.
Bh4 Be7 12. e5 dxe5 13. Nxe5 Bc6 14. Nxc6 bxc6 15. Qc4 Qb6 16. g4 Rb8 17. b3 O-O 18. g5 hxg5 19. Bxg5 Ba3+ 20. Kb1 Nd5 21. Na4 Qb4 22. Qxb4 Bxb4 23. h4 Rfe8 24. c4 Nc3+ 25.
Nxc3 Bxc3 26. h5 f6 27. Bf4 e5 28. Be3 a5 29. Kc2 Bb4 30. Rhg1 Kh7 31. Rg6 Rbd8 32.
Rdg1 Re7 33. h6 Rdd7 34. hxg7 Rxg7 35. Rh1+ Kg8 36. Rxf6 Rgf7 37. Rg1+ Kf8 38. Rxc6 e4 39. Rgg6 1-0

[Event "*** Titled Tuesday Blitz"]
[Site "Chess.com"]
[Date "2021.02.09"]
[Round "4"]
[White "eljanov"]
[Black "jacky72"]
[Result "0-1"]
[WhiteElo "2904"]
[BlackElo "2704"]
[TimeControl "180+1"]
[EndTime "10:39:13 PST"]
[Termination "jacky72 won by resignation"]

1. e4 e5 2. Nf3 Nc6 3. Bc4 Bc5 4.
c3 Nf6 5. d3 d6 6. O-O a6 7. Re1 Ba7 8. a4 h6 9. Nbd2 g5 10. b4 g4 11. Nh4 Nxe4 12. Nxe4 Qxh4 13. d4 Bd7 14. b5 Na5 15. Ba2 O-O-O 16. bxa6 f5 17.
axb7+ Nxb7 18. Nd2 exd4 19. Nf1 Rhe8 20. Rxe8 Rxe8 21.
cxd4 Qf6 22. Bb2 f4 23. Rc1 f3 24. Ne3 c5 25. Qc2 Qg5 26. dxc5 Bxc5 27. Bd4 fxg2 28. Bd5 Rxe3 29. Bxb7+ Kxb7 30. Bxe3 Bxe3 31. Qb3+ Bb6 32. Qf7 Qxc1+ 0-1

[Event "*** Titled Tuesday Blitz"]
[Site "Chess.com"]
[Date "2021.02.09"]
[Round "4"]
[White "HackingKid98"]
[Black "Anurag328"]
[Result "0-1"]
[WhiteElo "2476"]
[BlackElo "2650"]
[TimeControl "180+1"]
[EndTime "10:39:13 PST"]
[Termination "Anurag328 won on time"]

1. d4 g6 2. Nf3 Bg7 3. e4 e6 4. Bd3 Ne7 5. O-O d6 6. Be3 Nd7 7. Qd2 h6 8. Nc3 b6 9. a4 a6 10. h3 Bb7 11. Rfe1 Nf6 12. Rad1 g5 13. e5 Nd7 14. d5 Nxd5 15. Nxd5 Bxd5 16. exd6 cxd6 17. Nd4 O-O 18. c4 Bb7 19. Bb1 Qc7 20. b3 Rfe8 21.
Qd3 Rad8 22. Qh7+ Kf8 23. Nf3 Nf6 24. Qd3 Be4 25. Qd2 Bxf3 26. gxf3 Qc6 27. Kg2 d5 28.
Bd4 dxc4 29. bxc4 Qxc4 0-1

[Event "*** Titled Tuesday Blitz"]
[Site "Chess.com"]
[Date "2021.02.09"]
[Round "4"]
[White "sbouchet"]
[Black "PotapovaM"]
[Result "0-1"]
[WhiteElo "2338"]
[BlackElo "2637"]
[TimeControl "180+1"]
[EndTime "10:39:13 PST"]
[Termination "PotapovaM won on time"]

1. e4 c5 2. c3 d5 3. exd5 Qxd5 4. d4 Nf6 5. Nf3 e6 6. Na3 cxd4 7. Nb5 Na6 8. Nbxd4 Be7 9. Be2 O-O 10. O-O Nc5 11.
b4 Nce4 12. Bb2 b6 13. c4 Qd6 14. a3 Bb7 15. Qb3 a6 16. Rad1 Qc7 17. Rfe1 Rfd8 18. Bd3 Nd6 19. Ne5 Rac8 20. Nxf7 Nxf7 21. Nxe6 Qc6 22. f3 Re8 23. Nd4 Qc7 24. Nf5 Bf8 25.
Qc3 Qf4 26. Ng3 a5 27. Bc1 Qb8 28. bxa5 bxa5 29. Qxa5 Bc5+ 30. Kh1 Qa8 31. Qc3 Bxf3 32. Bxh7+ Nxh7 33. gxf3 Nf6 34. Bb2 Qc6 35. Ne4 Be7 36.
Rg1 Kf8 37. Rg3 Nh6 38. Rdg1 Nf5 39. Rxg7 Nxg7 40. Nxf6 Bxf6 41. Qb4+ Kf7 0-1

[Event "*** Titled Tuesday Blitz"]
[Site "Chess.com"]
[Date "2021.02.09"]
[Round "4"]
[White "PattyCastillo"]
[Black "DinaBelenkaya"]
[Result "0-1"]
[WhiteElo "2047"]
[BlackElo "2371"]
[TimeControl "180+1"]
[EndTime "10:39:13 PST"]
[Termination "DinaBelenkaya won by resignation"]

1. d4 d5 2. Nf3 Nf6 3. e3 c6 4. Bd3 g6 5. O-O Bg7 6. b3 O-O 7. Bb2 Bf5 8. Bxf5 gxf5 9. c4 Nbd7 10. Nbd2 e6 11. Qe2 Ne4 12. Rad1 Qf6 13. Ne5 Rfd8 14. f3 Nxd2 15. Rxd2 Qh6 16. Nxd7 Rxd7 17. Rfd1 Rad8 18. c5 Kh8 19. f4 Bf6 20. b4 a6 21.
a4 Rg8 22. Qd3 Rg4 23. b5 axb5 24. axb5 Rd8 25. bxc6 bxc6 26. Qa6 Rdg8 27. Rf1 Qh3 28. Qe2 Rh4 29. g3 Rxg3+ 30. hxg3 Qxg3+ 31. Qg2 Qxe3+ 32. Qf2 Qh3 33. Qh2 Rg4+ 34. Kh1 Qxf1+ 0-1

[Event "*** Titled Tuesday Blitz"]
[Site "Chess.com"]
[Date "2021.02.09"]
[Round "4"]
[White "LamaChampetre"]
[Black "ChessFighter1975"]
[Result "0-1"]
[WhiteElo "2232"]
[BlackElo "2431"]
[TimeControl "180+1"]
[EndTime "10:39:14 PST"]
[Termination "ChessFighter1975 won on time"]

1. d4 d6 2. c4 Nf6 3. Nf3 g6 4. h3 Bg7 5. Nc3 O-O 6. e4 e5 7.
d5 Ne8 8. g4 f5 9. gxf5 gxf5 10.
Bg5 Nf6 11. Rg1 Kh8 12. Be2 Qe8 13. exf5 Bxf5 14. Qd2 Rf7 15. Bh6 Qf8 16. Ng5 Re7 17.
Bxg7+ Rxg7 18. O-O-O Nbd7 19. Ne6 Bxe6 20. dxe6 Nc5 21.
Nd5 Nxe6 22. Bg4 Nd4 23. Qh6 Nxd5 24. cxd5 Rg6 25. Qe3 Qf6 26. Kb1 Rf8 27. f3 Qf4 28. Qd3 b5 29. Ka1 a5 30. h4 b4 31. h5 Rg5 32. h6 a4 0-1

[Event "*** Titled Tuesday Blitz"]
[Site "Chess.com"]
[Date "2021.02.09"]
[Round "4"]
[White "c_r_e_e_p_e_r"]
[Black "salomez"]
[Result "1-0"]
[WhiteElo "2408"]
[BlackElo "2194"]
[TimeControl "180+1"]
[EndTime "10:39:14 PST"]
[Termination "c_r_e_e_p_e_r won on time"]

1. d4 Nf6 2. c4 g6 3. Nc3 d5 4. g3 Bg7 5. cxd5 Nxd5 6. Bg2 Nxc3 7. bxc3 O-O 8. Nf3 c5 9. e3 cxd4 10. cxd4 Nd7 11. O-O Nb6 12. a4 Nd5 13. Bb2 b6 14. a5 Ba6 15. Re1 bxa5 16. Qd2 Nb4 17. Bc3 Rb8 18.
Ng5 e5 19. d5 Qxg5 20. Rxa5 Nd3 21. Rea1 Bc4 22. Bf1 e4 23. Bxg7 Kxg7 24. Qc3+ Ne5 25. d6 Bxf1 26. Rxe5 Qf6 27. Kxf1 Rb5 28. Ra5 Rxa5 29. Qxa5 Qxd6 30. Rxe4 Rb8 31. Qxa7 Rb1+ 32. Kg2 Qd5 33. Qd4+ Qxd4 34. Rxd4 Kf6 35. h4 h5 36. Rd8 Ke6 37. Rh8 Rb2 38. Kf3 Ra2 39.
Rb8 Rc2 40. Rb6+ Ke5 41. Rb7 Ke6 42. Rb5 1-0

[Event "*** Titled Tuesday Blitz"]
[Site "Chess.com"]
[Date "2021.02.09"]
[Round "4"]
[White "Eternauta2400"]
[Black "Gusarov91"]
[Result "0-1"]
[WhiteElo "2371"]
[BlackElo "2227"]
[TimeControl "180+1"]
[EndTime "10:39:15 PST"]
[Termination "Gusarov91 won by checkmate"]

1. e4 c5 2. Nf3 d6 3. d4 cxd4 4. Nxd4 Nf6 5. Nc3 a6 6. Bc4 b5 7. Bb3 Bb7 8. f3 g6 9. O-O Bg7 10. Be3 O-O 11. Qd2 Nc6 12. Rfd1 Na5 13. a4 Nxb3 14. Nxb3 b4 15. Nd5 Nxd5 16. exd5 Bxb2 17. Rab1 Bc3 18. Qd3 a5 19. Nd4 Bxd5 20. Nb5 Ba2 21.
Nxc3 bxc3 22. Rb7 Rc8 23. Bd4 f6 24. Bxc3 Bc4 25. Qd2 Rc5 26. Qe3 Kf7 27. Re1 Re8 28. Qh6 Rh5 29. Qf4 Rf5 30. Qxc4+ Kg7 31. Qe6 Kh6 32. Rxe7 Rxe7 33. Qxe7 Qc8 34. Bd2+ g5 35. Qxd6 Qxc2 36. Qf8+ Kg6 37. Qe8+ Kh6 38. Bxa5 Rxa5 39. Qf8+ Kg6 40. Qg8+ Kh5 41. Qf7+ Qg6 42. Qxg6+ Kxg6 43. Re4 f5 44. Rb4 h5 45. Kf2 g4 46. Ke3 Kg5 47. f4+ Kh4 48. Kf2 Rc5 49. Rb2 Rc4 50.
Ra2 Rxf4+ 51. Kg1 Rc4 52. a5 f4 53. a6 g3 54. a7 Rc1# 0-1

[Event "*** Titled Tuesday Blitz"]
[Site "Chess.com"]
[Date "2021.02.09"]
[Round "4"]
[White "AlexTriapishko"]
[Black "Fighterman91"]
[Result "1-0"]
[WhiteElo "2855"]
[BlackElo "2669"]
[TimeControl "180+1"]
[EndTime "10:39:16 PST"]
[Termination "AlexTriapishko won on time"]

1. d4 Nf6 2. c4 g6 3. Nc3 d5 4. cxd5 Nxd5 5. e4 Nxc3 6. bxc3 Bg7 7. Bc4 c5 8. Ne2 O-O 9. Be3 Nc6 10. h4 cxd4 11.
cxd4 Qa5+ 12. Kf1 Qa3 13. h5 Bg4 14. hxg6 hxg6 15. Rh4 Bxe2+ 16. Bxe2 Rad8 17. d5 e6 18. Rc1 exd5 19. exd5 Qxa2 20. Bc4 Qa5 21. Bg5 Rd7 22. Qg4 Ne5 23. Qh3 Rc7 24. Rh7 Rxc4 25. Rxg7+ Kxg7 26. Qh6+ Kg8 27. Rxc4 Qa6 28. Kg1 Qxc4 29. Bf6 1-0

[Event "*** Titled Tuesday Blitz"]
[Site "Chess.com"]
[Date "2021.02.09"]
[Round "4"]
[White "ferdipy"]
[Black "elextranjero00"]
[Result "0-1"]
[WhiteElo "2330"]
[BlackElo "2588"]
[TimeControl "180+1"]
[EndTime "10:39:16 PST"]
[Termination "elextranjero00 won on time"]

1. e4 c5 2. d4 cxd4 3. c3 Nf6 4. e5 Nd5 5. cxd4 d6 6. Nf3 Nc6 7. a3 g6 8. Bc4 Nb6 9. Bb5 Bg7 10. d5 a6 11. Bxc6+ bxc6 12. dxc6 O-O 13. exd6 exd6 14. O-O Qc7 15. Nd4 Be6 16. Nc3 Rfe8 17. Bf4 Be5 18. Nce2 Bc4 19. Be3 Bxe2 20. Nxe2 Qxc6 21. Rc1 Qb5 22. b4 Nc4 23. Bd4 Nxa3 24. Bxe5 Qxe5 25. Nd4 Nb5 26. Nc6 Qf6 27. Qd5 Nc3 28. Rxc3 Qxc3 29.
Qxd6 Re6 30. Ne7+ Kg7 31. Qd5 Re8 0-1

[Event "*** Titled Tuesday Blitz"]
[Site "Chess.com"]
[Date "2021.02.09"]
[Round "4"]
[White "FMOlexandrProhorov"]
[Black "Mbneu"]
[Result "1-0"]
[WhiteElo "2133"]
[BlackElo "2291"]
[TimeControl "180+1"]
[EndTime "10:39:17 PST"]
[Termination "FMOlexandrProhorov won by resignation"]

1. Nf3 c5 2. c4 e6 3. Nc3 d5 4.
cxd5 exd5 5. d4 Nc6 6. g3 Nf6 7. Bg2 Be7 8. O-O O-O 9. Be3 c4 10. b3 cxb3 11. Qxb3 Na5 12. Qc2 Bd7 13. Ne5 Rc8 14. Qd2 Bb4 15. Rfc1 Bf5 16. Qb2 Bxc3 17. Rxc3 Rxc3 18. Qxc3 Be4 19. Rc1 Bxg2 20. Kxg2 Ne4 21. Qb4 b6 22. Bf4 h6 23. h4 Re8 24. Nc6 Qf6 25. Nxa5 bxa5 26. Qb5 Rd8 27. f3 Nd6 28. Be5 Qe6 29. Bxd6 Qxd6 30. Qc5 Qxc5 31. Rxc5 Rb8 32. Rxa5 Rb2 33. Kf2 Rd2 34. Ra4 f5 35. Ke3 Rb2 36.
Rxa7 Rb5 37. a4 Rb3+ 38. Kf4 Rb4 39. Ke5 Rb2 40. Kxd5 Rxe2 41. Ra8+ Kf7 42. a5 Re3 43. a6 Rxf3 44. a7 Ra3 45. Kd6 g5 46. hxg5 hxg5 47. Rh8 Ra6+ 48. Kc5 Ra5+ 49. Kb4 Rxa7 50. Rh7+ 1-0

[Event "*** Titled Tuesday Blitz"]
[Site "Chess.com"]
[Date "2021.02.09"]
[Round "4"]
[White "Ave_Mariia"]
[Black "Margency"]
[Result "1-0"]
[WhiteElo "2493"]
[BlackElo "2641"]
[TimeControl "180+1"]
[EndTime "10:39:19 PST"]
[Termination "Ave_Mariia won by resignation"]

1. d4 d5 2. c4 e6 3. Nf3 c5 4.
cxd5 exd5 5. g3 Nf6 6. Bg2 Nc6 7.
O-O Be7 8. dxc5 Bxc5 9. Bg5 O-O 10. Nc3 d4 11. Ne4 Be7 12. Nxf6+ Bxf6 13. Bxf6 Qxf6 14. Qd2 Bg4 15. Rfd1 Rad8 16. Rac1 Rfe8 17. Qd3 Bf5 18. Qb5 Be4 19. Ne1 Bxg2 20. Nxg2 Rd7 21. Nf4 Red8 22. b4 Qe7 23. a3 d3 24. exd3 Nd4 25.
Qc5 Qf6 26. Qh5 g6 27. Qg4 Kh8 28. Re1 Nf5 29. Rc5 b6 30. Rc4 h5 31. Qd1 h4 32.
Rce4 Kh7 33. Qg4 hxg3 34. hxg3 Nd4 35. Kg2 Qf5 36. Rh1+ Kg8 37. Qh4 Qf6 38. Qxf6 1-0

[Event "*** Titled Tuesday Blitz"]
[Site "Chess.com"]
[Date "2021.02.09"]
[Round "4"]
[White "Korchmar_Vasiliy"]
[Black "Kaua18"]
[Result "0-1"]
[WhiteElo "2588"]
[BlackElo "2422"]
[TimeControl "180+1"]
[EndTime "10:39:20 PST"]
[Termination "Kaua18 won by resignation"]

1. e4 c5 2. Nf3 Nc6 3. d4 cxd4 4. Nxd4 Nf6 5. Nc3 e5 6. Ndb5 d6 7. Bg5 a6 8. Na3 b5 9. Bxf6 gxf6 10. Nd5 f5 11. g3 fxe4 12. Bg2 Be6 13. Bxe4 Bg7 14. Qh5 Rc8 15. O-O Ne7 16. Rad1 Rc5 17. Qg5 Nxd5 18.
Qxg7 Qf6 19. Qxf6 Nxf6 20. Bb7 b4 21. Nb1 Rxc2 22. Rxd6 Rxb2 23. Rxa6 Rxa2 24. Rb6 Rb2 25. Bd5 Bxd5 26. Rb8+ Ke7 27. Rxh8 Be4 28. Rb8 Bxb1 29. f3 Nd5 30. Rf2 Rxf2 31. Kxf2 Bc2 32. Ke2 b3 33.
Kd2 Ke6 34. Rb6+ Nxb6 0-1

[Event "*** Titled Tuesday Blitz"]
[Site "Chess.com"]
[Date "2021.02.09"]
[Round "4"]
[White "Loy_Konstantin"]
[Black "bugsbunny444"]
[Result "0-1"]
[WhiteElo "2385"]
[BlackElo "2597"]
[TimeControl "180+1"]
[EndTime "10:39:20 PST"]
[Termination "bugsbunny444 won on time"]

1. e4 c5 2. Nf3 e6 3. d3 d5 4.
Nbd2 Nc6 5. g3 g6 6. Bg2 Bg7 7. O-O Nge7 8. Re1 O-O 9. h4 h6 10. e5 b6 11. Nf1 a5 12. Bf4 a4 13. a3 Ra7 14. Qd2 Kh7 15. N1h2 Bb7 16. c3 Nf5 17. Bh3 d4 18. c4 Na5 19. Rad1 Rh8 20. Bg2 Qa8 21.
g4 Ne7 22. Qe2 Kg8 23. Nf1 h5 24. gxh5 Rxh5 25. Ng3 Rh8 26. Bg5 Kf8 27. Qf1 Bxf3 28. Ne4 Bxg2 29. Qxg2 Nf5 30. Qg4 Bxe5 31. Nf6 Bxf6 32.
Bxf6 Rh5 0-1

[Event "*** Titled Tuesday Blitz"]
[Site "Chess.com"]
[Date "2021.02.09"]
[Round "4"]
[White "AttilaTurzo"]
[Black "Etud-otradnoe"]
[Result "1-0"]
[WhiteElo "2524"]
[BlackElo "2306"]
[TimeControl "180+1"]
[EndTime "10:39:20 PST"]
[Termination "AttilaTurzo won on time"]

1. d4 d5 2. Bf4 Nf6 3. e3 e6 4. Nf3 Bd6 5. Bg3 O-O 6. Nbd2 c5 7. c3 b6 8. Bd3 Ba6 9. Bxa6 Nxa6 10. O-O Nb8 11. a4 Nc6 12. Qb3 Bxg3 13. hxg3 Qd6 14. Rfd1 c4 15. Qa3 Qxa3 16. Rxa3 Rfb8 17. b4 cxb3 18.
Nxb3 Rc8 19. Nfd2 Ne7 20. Rc1 Rc7 21. Ra2 Rac8 22. Rac2 Nf5 23. c4 dxc4 24. Rxc4 Rxc4 25. Rxc4 Rxc4 26. Nxc4 Ne4 27. Kf1 h5 28. Na3 Nc3 29. a5 b5 30. Ke1 Nd6 31. f3 Kf8 32. e4 Ke7 33. Kd2 Na4 34. Nc5 Nb2 35. Kc3 Nbc4 36. Nxb5 Nxa5 37. Nc7 1-0

[Event "*** Titled Tuesday Blitz"]
[Site "Chess.com"]
[Date "2021.02.09"]
[Round "4"]
[White "Vasily85"]
[Black "Sofiia_Hryzlova"]
[Result "0-1"]
[WhiteElo "2437"]
[BlackElo "2280"]
[TimeControl "180+1"]
[EndTime "10:39:20 PST"]
[Termination "Sofiia_Hryzlova won by resignation"]

1. d4 d5 2. Nc3 c6 3. Bf4 Nf6 4. e3 Nbd7 5. Bd3 g6 6. h4 Bg7 7. h5 Nxh5 8. Rxh5 gxh5 9. Qxh5 Nf6 10. Qh4 Bg4 11. Nf3 Bh5 12. O-O-O Bg6 13. Bh6 Bxh6 14. Qxh6 Rg8 15. Be2 Qc7 16. Ne5 O-O-O 17. g4 Nd7 18. Nxd7 Rxd7 19. f4 f5 20. Rg1 e6 21. Nd1 c5 22. gxf5 exf5 23. Bf3 Re8 24. Qh1 Qc6 25. Nc3 Rxe3 26. Bxd5 Qd6 27. Rd1 Rxc3 28. dxc5 Qxf4+ 29. Kb1 Rxc5 30. Be6 Rc7 31. Qd5 Be8 32. Bxd7+ Rxd7 33. Qc5+ Qc7 34. Qxc7+ Kxc7 35. Rh1 Bg6 0-1

[Event "*** Titled Tuesday Blitz"]
[Site "Chess.com"]
[Date "2021.02.09"]
[Round "4"]
[White "annacramling"]
[Black "ARTHURMOTIVATOR"]
[Result "0-1"]
[WhiteElo "2095"]
[BlackElo "2294"]
[TimeControl "180+1"]
[EndTime "10:39:20 PST"]
[Termination "ARTHURMOTIVATOR won on time"]

1. d4 Nf6 2. c4 c5 3. d5 g6 4.
Nc3 Bg7 5. e4 d6 6. f4 O-O 7.
Nf3 e6 8. Bd3 exd5 9. cxd5 b5 10. Bxb5 Nxe4 11. Nxe4 Qa5+ 12. Nc3 Bxc3+ 13. bxc3 Qxb5 14.
Be3 Re8 15. Kf2 Nd7 16. Re1 Nf6 17. Kg1 Bg4 18. Qc2 Bxf3 19. gxf3 Nxd5 20. c4 Nxe3 21. Rxe3 Qd7 22. Rae1 Rxe3 23. Rxe3 Re8 24. Qe2 Rxe3 25. Qxe3 Qe6 26. Qd3 Qf6 27. Kg2 Qb2+ 28. Kg3 Qf6 29. Qd5 h5 30. h4 Kh7 31. Qb7 a5 32. Qc7 a4 33. a3 Kg7 34. Qc6 Qd4 35. Qxa4 Qg1+ 36.
Kh3 Qh1+ 37. Kg3 Qg1+ 38. Kh3 Qf2 39. Qb3 Qf1+ 0-1

[Event "*** Titled Tuesday Blitz"]
[Site "Chess.com"]
[Date "2021.02.09"]
[Round "4"]
[White "TigrVShlyape"]
[Black "elohunter1999"]
[Result "1-0"]
[WhiteElo "2843"]
[BlackElo "2661"]
[TimeControl "180+1"]
[EndTime "10:39:22 PST"]
[Termination "TigrVShlyape won on time"]

1. d4 Nf6 2. Nf3 d5 3. Bf4 c5 4. e3 Nc6 5. Nbd2 e6 6. c3 Bd6 7. Bg3 O-O 8. Bd3 b6 9. Qe2 Bb7 10. Rd1 Re8 11. e4 Be7 12. e5 Nh5 13. a3 g6 14. Nf1 f5 15. exf6 Bxf6 16. Bb5 Nxg3 17.
hxg3 a6 18. Bxc6 Bxc6 19. Ne3 cxd4 20. Nxd4 Bb7 21. O-O e5 22. Nf3 Bg7 23. Rd2 e4 24.
Nd4 Qg5 25. Rfd1 Rad8 26. c4 Kh8 27. cxd5 Bxd5 28. Ndf5 Bb7 29. Nxg7 Kxg7 30. Qc4 Qe7 31. Qc3+ Kh6 32. Ng4+ Kg5 33. Qe3+ Kxg4 34. Qf4+ Kh5 35. g4+ Kh4 36. g5+ Kh5 37. g3 1-0

[Event "*** Titled Tuesday Blitz"]
[Site "Chess.com"]
[Date "2021.02.09"]
[Round "4"]
[White "CM_rui"]
[Black "esrosenberg"]
[Result "0-1"]
[WhiteElo "2348"]
[BlackElo "2061"]
[TimeControl "180+1"]
[EndTime "10:39:24 PST"]
[Termination "esrosenberg won by checkmate"]

1. e4 e6 2. d4 d5 3. Nc3 Bb4 4. e5 c5 5. a3 Bxc3+ 6. bxc3 Ne7 7. f4 Qa5 8. Qd2 Bd7 9. Nf3 Ba4 10. Bd3 Nd7 11.
O-O Rc8 12. Qf2 c4 13. Be2 Bxc2 14. a4 Be4 15. Ba3 Qxc3 16. Ng5 Nf5 17. Nxe4 dxe4 18.
d5 exd5 19. Kh1 Qe3 20. Qe1 Nc5 21. g4 Nd4 22. Ra2 Nxe2 23. Rxe2 Qxa3 24. f5 O-O 25. f6 Qh3 26. Rg2 Nd3 27. Qd2 c3 28. Qg5 g6 29.
e6 c2 30. exf7+ Rxf7 31. Rgg1 d4 32. Ra1 c1=Q 33. Raxc1 Nf2# 0-1

[Event "*** Titled Tuesday Blitz"]
[Site "Chess.com"]
[Date "2021.02.09"]
[Round "4"]
[White "PSvidler"]
[Black "Alexchess1984"]
[Result "1/2-1/2"]
[WhiteElo "2881"]
[BlackElo "2704"]
[TimeControl "180+1"]
[EndTime "10:39:25 PST"]
[Termination "Game drawn by agreement"]

1. e4 c5 2. Nf3 Nc6 3. Bb5 g6 4. Bxc6 dxc6 5. d3 Bg7 6. h3 Nh6 7. a3 b6 8. Nc3 f6 9. b4 cxb4 10. axb4 Nf7 11. O-O O-O 12. Bd2 f5 13. Ra3 a5 14.
bxa5 bxa5 15. Re1 Nd6 16. e5 Nb5 17. Ra4 h6 18. Qb1 Kh7 19. Nxb5 cxb5 20. Rh4 b4 21. Bxh6 Bxh6 22. e6 Ra6 23. Qc1 f4 24. Ng5+ Kg7 25.
Qb2+ Rf6 26. Nf7 Qc7 27. Nxh6 Rxe6 28. Rxe6 Bxe6 29. Ng4 Bxg4 30. Rxg4 Qc3 31. Qa2 Qe1+ 32. Kh2 Qxf2 33. Qxa5 Qd4 34. Qc7 Qd6 35. Qxd6 exd6 36. Rg5 f3 37. Kg1 fxg2 38. Kxg2 Kf7 39. Rb5 Rf4 40.
Kg3 Rd4 41. h4 Kf6 42. h5 gxh5 43. Rxh5 b3 44. cxb3 Rxd3+ 45. Kf4 Rxb3 46. Rh6+ 1/2-1/2

[Event "*** Titled Tuesday Blitz"]
[Site "Chess.com"]
[Date "2021.02.09"]
[Round "4"]
[White "juancruzarias"]
[Black "onnoelgersma"]
[Result "1-0"]
[WhiteElo "2630"]
[BlackElo "2470"]
[TimeControl "180+1"]
[EndTime "10:39:27 PST"]
[Termination "juancruzarias won by resignation"]

1. e4 c5 2. Nc3 e6 3. g3 Nc6 4.
Bg2 g6 5. d3 Bg7 6. Be3 d6 7.
Qd2 a6 8. Nf3 Rb8 9. d4 cxd4 10.
Nxd4 Ne5 11. Qe2 Ne7 12. f4 N5c6 13. Nb3 O-O 14. O-O d5 15. Rad1 Qc7 16. exd5 exd5 17. Nxd5 Nxd5 18. Bxd5 Re8 19. Qf2 Bg4 20. Rd2 Bxb2 21.
Bb6 Qc8 22. c4 Bg7 23. Nc5 Ne7 24. Bg2 Nc6 25. Ne4 Qe6 26. Ng5 Qe7 27. Bd5 Rf8 28. Bc5 Qc7 29. Bxf8 Rxf8 30. Re1 Bc3 31. Qe3 Bxd2 32.
Qxd2 Ne7 33. Qf2 Nxd5 34. cxd5 Qd6 35. Qd4 h6 36. Ne4 Re8 37. Nf6+ Kf8 38. Rxe8+ 1-0

[Event "*** Titled Tuesday Blitz"]
[Site "Chess.com"]
[Date "2021.02.09"]
[Round "4"]
[White "AustrianFalcon"]
[Black "kikydu96"]
[Result "1-0"]
[WhiteElo "2446"]
[BlackElo "2595"]
[TimeControl "180+1"]
[EndTime "10:39:27 PST"]
[Termination "AustrianFalcon won by resignation"]

1. e4 c5 2. Nf3 d6 3. d4 cxd4 4.
Nxd4 Nf6 5. Nc3 Nc6 6. Bg5 e6 7. Qd2 Be7 8. O-O-O Nxd4 9. Qxd4 O-O 10.
h4 h6 11. f4 hxg5 12. hxg5 Ng4 13. Be2 e5 14. Qg1 exf4 15. Bxg4 Bxg5 16. Bf3 Be6 17.
Qh2 Bh6 18. Nd5 Re8 19. Kb1 Rc8 20. g3 Bxd5 21. Rxd5 Qf6 22. Rf5 Qd4 23. g4 f6 24.
Rd5 Qe3 25. Rd3 Qc5 26. g5 fxg5 27. e5 Rxe5 28. Rc3 Qxc3 29. bxc3 Rxc3 30. Qg2 Rb5+ 31. Ka1 Rbc5 32. Bd5+ Kf8 33. Qe4 Rxc2 34. Qe6 Rc7 35. Qf5+ Ke8 36. Re1+ Kd8 37. Qf8+ 1-0

[Event "*** Titled Tuesday Blitz"]
[Site "Chess.com"]
[Date "2021.02.09"]
[Round "4"]
[White "Susal_De_Silva"]
[Black "noblerone"]
[Result "1-0"]
[WhiteElo "2613"]
[BlackElo "2416"]
[TimeControl "180+1"]
[EndTime "10:39:27 PST"]
[Termination "Susal_De_Silva won by resignation"]

1. e4 c5 2. Nf3 e6 3. d4 cxd4 4. Nxd4 Qb6 5. Be2 Bc5 6. c3 Nc6 7. O-O Nxd4 8. cxd4 Bxd4 9. Nd2 Bc5 10. Nc4 Qc7 11. Bg5 f6 12. Bh4 Ne7 13. Rc1 O-O 14.
Bg3 Qd8 15. Nd6 Bxd6 16. Bxd6 Rf7 17. Bf3 Nc6 18. Qd2 b6 19. b4 Bb7 20. b5 Ne5 21.
Bxe5 fxe5 22. Rfd1 Qf6 23. Rc7 Bc8 24. Rdc1 Rf8 25. Qd6 h6 26. h3 Kh7 27. R1c2 a6 28. Qxb6 axb5 29. Qxb5 d6 30. Qb4 Ba6 31. Qxd6 Bb5 32.
Qc5 Ba4 33. Rb2 Rad8 34. Rbb7 Rg8 35. Rf7 Qg5 36. Kh2 Bd1 37. Bxd1 Rxd1 38. a4 Rd2 39. a5 Ra2 40. Qb6 Qd2 41. a6 Ra1 42. Qxe6 Qg5 43.
Qf5+ Qxf5 44. Rxf5 Ra8 45. Rff7 R1xa6 46. Rxg7+ Kh8 47.
Rh7+ Kg8 48. Rhe7 Kh8 49. Rxe5 Ra5 50. Rxa5 Rxa5 51. f3 1-0

[Event "*** Titled Tuesday Blitz"]
[Site "Chess.com"]
[Date "2021.02.09"]
[Round "4"]
[White "IsaacWiebe"]
[Black "Azde"]
[Result "1-0"]
[WhiteElo "2176"]
[BlackElo "2352"]
[TimeControl "180+1"]
[EndTime "10:39:27 PST"]
[Termination "IsaacWiebe won on time"]

1. e4 c6 2. d4 d5 3. e5 Bf5 4. h4 h5 5. Bg5 Qb6 6. Bd3 Qxd4 7. Nf3 Qxb2 8. Bxf5 Qxa1 9. e6 g6 10. exf7+ Kxf7 11. Be3 gxf5 12. Bd4 Qxa2 13. Bxh8 Nd7 14. Ng5+ Kg6 15.
O-O e5 16. Qf3 Qc4 17. Nd2 Qg4 18. Qb3 Nc5 19. Qc3 d4 20. Qc4 Nh6 21. Ndf3 Bd6 22. Bxe5 b5 23. Qa2 Be7 24. Bxd4 Nd7 25. Be5 Bf6 26.
Bxf6 Nxf6 27. Ne5+ Kg7 28. Nxg4 hxg4 29. Qe6 Re8 30.
Qxc6 f4 31. Qb7+ Kg6 32. Qxb5 Kh5 33. Qd3 Kxh4 34. Qg6 Nfg8 35. Nf7 Nxf7 36. Qxf7 1-0